 Dungeon Crawl Stone Soup version 0.31.0-2-g5a2aebc5c2 (webtiles) character file.

Game seed: 12760609303155923591

1820 Akhenaten the Firebug (level 8, -6/62 HPs)
             Began as a Demigod Fire Elementalist on Jan 21, 2024.
             Killed from afar by Erica (13 damage)
             ... with a bolt of acid
             ... on level 9 of the Dungeon.
             The game lasted 00:20:36 (6251 turns).

Akhenaten the Firebug (Demigod Fire Elementalist)   Turns: 6251, Time: 00:20:36

Health: -6/62      AC:  0    Str: 13    XL:     8   Next: 55%
Magic:  16/18      EV: 10    Int: 19    God:
Gold:   67         SH:  0    Dex: 14    Spells: 0/16 levels left

rFire   + . .        k - +1 dagger (freeze)
rCold   + . .        (no shield)
rNeg    . . .        p - +2 robe {rC+}
rPois   .            a - +2 hat
rElec   +            (no cloak)
rCorr   .            o - +1 pair of gloves
SInv    .            (no boots)
Will    .....        (no amulet)
Stlth   ++           g - ring of protection from fire
HPRegen 0.30/turn    (no ring)
MPRegen 0.16/turn

%: no passive effects
@: about to teleport, corroded, slowed, constricted, very slow
A: high MP 1, forlorn, divine attributes, dopey 1, electricity resistance
a: no special abilities


You were on level 9 of the Dungeon.
You visited 1 branch of the dungeon, and saw 7 of its levels.

You collected 417 gold pieces.
You spent 350 gold pieces at shops.

Inventory:

Hand Weapons
 k - a +1 dagger of freezing (weapon)
Missiles
 f - 2 atropa-tipped darts
 m - 3 poisoned darts
Armour
 a - a +2 hat (worn)
 o - a +1 pair of gloves (worn)
 p - a +2 robe of cold resistance (worn)
Jewellery
 g - a ring of protection from fire (left hand)
 h - a ring of protection from fire
 i - a ring of flight
Talismans
 l - a blade talisman
Wands
 y - a wand of polymorph (4)
Scrolls
 b - 2 scrolls of teleportation
 d - 4 scrolls of noise
 j - 3 scrolls of amnesia
 s - a scroll of revelation
 v - a scroll of poison
 x - a scroll of immolation
Potions
 c - 3 potions of curing
 n - 3 potions of enlightenment
 q - a potion of might {unknown}
 r - a potion of degeneration {unknown}
 t - a potion of resistance {unknown}
 u - a potion of heal wounds {unknown}
 z - a potion of mutation
Miscellaneous
 e - a sack of spiders (inert)


   Skills:
 * Level 2.8 Fighting
 * Level 2.6 Short Blades
 * Level 2.3 Throwing
 * Level 2.4 Armour
 * Level 3.3 Dodging
 * Level 3.3 Stealth
 * Level 4.6 Spellcasting
 * Level 2.6 Conjurations
 * Level 0.4 Hexes
 * Level 0.2 Translocations
 * Level 5.3 Fire Magic
 * Level 0.1 Ice Magic
 * Level 0.2 Evocations
 * Level 2.1 Shapeshifting


You couldn't memorise any spells.
You knew the following spells:

 Your Spells              Type           Power      Damage    Failure   Level
a - Foxfire               Conj/Fire      76%        2x1d7     2%          1
b - Scorch                Fire           48%        2d7       2%          2
c - Volatile Blastmotes   Fire/Tloc      30%        2d12      12%         3
d - Inner Flame           Hex/Fire       15%        N/A       12%         3
e - Flame Wave            Conj/Fire      19%        2d7       24%         4
f - Frozen Ramparts       Ice            8%         1d2       36%         3

Your spell library contained the following spells:

 Spells                   Type           Power      Damage    Failure   Level
 Freeze                   Ice            16%        1d4       12%         1
 Hailstorm                Conj/Ice       9%         3d6       22%         3


Dungeon Overview and Level Annotations

Branches:
Dungeon (9/15)             Temple (0/1) D:5
   Lair: D:8-11         Orc: D:9-12

Shops:
D:6 *

Annotations:
D:9 Erica


Innate Abilities, Weirdness & Mutations

You have an increased reservoir of magic. (+10% MP)
You shall have no god before yourself.
Your divine heritage dramatically boosts your attributes as you level up.
You are dopey. (Int -2)
You are resistant to electric shocks. (rElec)


Message History

You resist with significant effort.
Unknown command.
Erica zaps a wand.
The bolt of acid misses you.
Casting: Scorch (safe; 2% risk of failure)
Press: ? - help, Q - select action, (/) - cycle Dir - look around, f - activate Flames lash Erica.
Erica is moderately wounded.
Erica's fire resistance burns away.
Erica mumbles some strange words.
Erica flickers and vanishes!
Deactivating autopickup; reactivate with Ctrl-A.
Casting: Scorch (safe; 2% risk of failure)
Confirm with . or Enter, or press ? or * to list all spells.
You conjure some foxfire!
You feel yourself slow down.
Found a maw talisman.
The foxfire hits something. x2
Something barely misses you. Something grabs you.
You are constricted.
You miss something.
You hear a zap.
A bolt of acid appears from out of thin air!
The bolt of acid hits you! The acid corrodes you!
You are constricted.
You hear a zap.
A bolt of acid appears from out of thin air!
The bolt of acid hits you! The acid corrodes you!
You are constricted.
As you read the scroll of teleportation, it crumbles to dust.
You feel strangely unstable. Something hits you!
* * * LOW HITPOINT WARNING * * *
Something burns you.
* * * LOW HITPOINT WARNING * * *
You are constricted.
* * * LOW HITPOINT WARNING * * *
You feel better. Something hits you.
* * * LOW HITPOINT WARNING * * *
Something burns you.
* * * LOW HITPOINT WARNING * * *
You are constricted.
* * * LOW HITPOINT WARNING * * *
You hear a zap.
A bolt of acid appears from out of thin air!
The bolt of acid hits you!
You die...

#...##### #.......# ####
#.......# .).###.......#
))...........############
)........................
...............##'#+##...
........######+#.....#
........#......{@....#
#.......#............#
#.......#%...........#
#.......#..............<#
#.......#...............#
#.......#.........###...#
#.......########### ####
...............
...............


There were no monsters in sight!

Vanquished Creatures
  Sigmund (D:2)
  Menkaure (D:5)
  2 ogres
  An ice beast (D:6)
  A black bear (D:5)
  The ghost of OldManVictorn the Magician, an amateur GnWn (D:4)
  A phantom (D:5)
  A bullfrog (D:9)
  3 scorpions
  2 bombardier beetles
  3 hounds
  An orc priest (D:9)
  2 iguanas
  A sleepcap (D:6)
  3 orc wizards
  A mummy (D:5)
  7 adders
  A shadow imp (D:6)
  A white imp (D:5)
  3 ufetubi
  A dart slug (D:3)
  3 ribbon worms
  24 orcs
  5 endoplasms
  2 giant cockroaches (D:1)
  13 goblins
  9 hobgoblins
  7 jackals
  2 quokkas
  6 ball pythons
  3 bats (D:1)
  4 frilled lizards
  A hobgoblin zombie (D:5)
  7 kobolds
  A kobold zombie (D:5)
  An orc zombie (D:5)
  5 rats
131 creatures vanquished.

Vanquished Creatures (collateral kills)
  2 orc warriors (D:9)
  An orc wizard (D:9)
  3 orcs (D:9)
6 creatures vanquished.

Vanquished Creatures (others)
  92 foxfires
92 creatures vanquished.

Grand Total: 229 creatures vanquished

Notes
Turn   | Place    | Note
-------+----------+-------------------------------------------
     0 | D:1      | Akhenaten the Demigod Fire Elementalist began the quest for
                  | the Orb.
     0 | D:1      | Reached XP level 1. HP: 14/14 MP: 5/5
   195 | D:1      | Reached skill level 1 in Conjurations
   371 | D:1      | Reached skill level 3 in Fire Magic
   371 | D:1      | Reached XP level 2. HP: 20/20 MP: 7/7
   374 | D:1      | Learned a level 2 spell: Scorch
  1106 | D:2      | Reached XP level 3. HP: 27/27 MP: 2/8
  1110 | D:2      | Learned a level 3 spell: Volatile Blastmotes
  1304 | D:2      | Noticed Sigmund
  1330 | D:2      | Reached skill level 1 in Armour
  1526 | D:2      | Reached XP level 4. HP: 25/34 MP: 0/10
  1620 | D:2      | Reached skill level 1 in Short Blades
  2033 | D:2      | Killed Sigmund
  2034 | D:2      | Reached skill level 1 in Fighting
  2034 | D:2      | Reached skill level 4 in Fire Magic
  2034 | D:2      | Reached XP level 5. HP: 38/40 MP: 2/12
  3075 | D:3      | Learned a level 3 spell: Inner Flame
  3161 | D:4      | Gained mutation: You are dopey. (Int -2) [potion of
                  | mutation]
  3161 | D:4      | Gained mutation: You are resistant to electric shocks.
                  | (rElec) [potion of mutation]
  3290 | D:4      | Reached XP level 6. HP: 47/47 MP: 9/13
  3346 | D:4      | Found a runed translucent gate.
  3347 | D:4      | Found a runed translucent gate.
  3347 | D:4      | Noticed OldManVictorn's ghost (amateur GnWn)
  3348 | D:4      | Found a runed translucent gate.
  3519 | D:4      | Reached skill level 1 in Throwing
  3519 | D:4      | Reached skill level 1 in Shapeshifting
  3919 | D:4      | Killed OldManVictorn's ghost
  3964 | D:5      | Entered Level 5 of the Dungeon
  3970 | D:5      | Reached XP level 7. HP: 37/53 MP: 11/15
  4275 | D:5      | Learned a level 4 spell: Flame Wave
  4333 | D:5      | Noticed Menkaure
  4341 | D:5      | Killed Menkaure
  4644 | D:5      | Found a staircase to the Ecumenical Temple.
  5560 | D:6      | Reached XP level 8. HP: 44/62 MP: 2/17
  5611 | D:6      | Reached skill level 5 in Fire Magic
  5970 | D:6      | Found Cuus's General Store.
  5982 | D:6      | Bought a book of Frost for 280 gold pieces
  5982 | D:6      | Bought a scroll of identify for 28 gold pieces
  5982 | D:6      | Bought a potion of curing for 42 gold pieces
  6027 | D:6      | You fall into a shaft and drop 3 floors!
  6119 | D:9      | Learned a level 3 spell: Frozen Ramparts
  6239 | D:9      | Noticed Erica
  6251 | D:9      | Killed from afar by Erica

Illustrated notes

Levels and vault maps discovered:
D:1:      dpeg_arrival_morbid_curiosity, layout_basic,
          ebering_ecumenical_altar_box
D:2:      layout_loops_ring, minmay_quadrilaterals, uniq_sigmund
D:3:      layout_rooms
D:4:      layout_basic, gammafunk_ghost_split
D:5:      layout_loops_corners, gammafunk_temple_overflow_pools,
          minmay_temple_entry_ruins, serial_bayou_pond_e, minmay_mini_ossuary,
          uniq_menkaure
D:6:      layout_cave_pools, serial_shops, nicolae_shop_trees, minmay_checkerbox
D:9:      layout_irregular_city, gammafunk_ghost_wrathful_warriors,
          st_stairs_11, moated_statue, kb_lookout_dungeons_type, uniq_erica

Skill      XL: |  1  2  3  4  5  6  7  8 |
---------------+-------------------------+-----
Conjurations   | 1 2 |  2.6
Fire Magic     | 3 4 5 |  5.3
Spellcasting   | 2 3 4 |  4.6
Armour         | 1 2 |  2.4
Stealth        | 2 3 |  3.3
Short Blades   | 1 2 |  2.6
Fighting       | 1 2 |  2.8
Dodging        | 2 3 |  3.3
Throwing       | 1 2 |  2.3
Shapeshifting  | 1 2 |  2.1
Hexes          | |  0.4
Translocations | |  0.2
Ice Magic      | |  0.1
Evocations     | |  0.2

Action                     |  1- 3 |  4- 6 |  7- 9 || total
---------------------------+-------+-------+-------++-------
  Melee: Dagger            |    23 |    40 |    54 ||   117
         Punch             |       |       |     1 ||     1
  Throw: Dart              |     2 |       |       ||     2
   Cast: Foxfire           |    20 |    10 |    22 ||    52
         Scorch            |    19 |    35 |    37 ||    91
         Volatile Blastmot |     3 |     3 |     1 ||     7
         Inner Flame       |       |     4 |     1 ||     5
         Flame Wave        |       |       |     1 ||     1
  Evoke: Sack of spiders   |       |       |     1 ||     1
    Use: Scroll            |     6 |     6 |     4 ||    16
         Potion            |     1 |     2 |     3 ||     6
   Stab: Sleeping          |     2 |     1 |     5 ||     8
 Armour: Robe              |    35 |    47 |    58 ||   140
  Dodge: Dodged            |    34 |    33 |    52 ||   119
         Form:             |       |     2 |     1 ||     3
         Blade             |       |     2 |     1 ||     3
